 Dungeon Crawl Stone Soup version 0.22-a0-346-ga714374 (webtiles) character file.

973 Amnesiac the Covert (level 8, 0/49 HPs)
             Began as a Halfling Assassin on Apr 6, 2018.
             Was a Follower of Okawaru.
             Succumbed to a killer bee's poison
             ... on level 5 of the Dungeon.
             The game lasted 00:09:14 (5418 turns).

Amnesiac the Covert (Halfling Assassin)             Turns: 5418, Time: 00:09:15

Health: 0/49       AC:  4    Str: 12    XL:     8   Next: 39%
Magic:  8/8        EV: 14    Int:  9    God:    Okawaru [*.....]
Gold:   247        SH:  0    Dex: 16    Spells: 7/7 levels left

rFire    . . .     SeeInvis .   q - +1 dagger (venom)
rCold    . . .     Gourm    .   (shield restricted)
rNeg     . . .     Faith    .   c - +0 robe
rPois    .         Spirit   .   (no helmet)
rElec    .         Reflect  .   d - +0 cloak
rCorr    .         Harm     .   y - +0 pair of gloves
MR       .....                  (no boots)
Stlth    ++++......             (no amulet)
HPRegen  0.16/turn              r - -2 ring of strength (curse)
MPRegen  0.11/turn              (no ring)

@: lethally poisoned (0 -> -14)
A: small, mutation resistance 1
a: Heroism, Renounce Religion


You were on level 5 of the Dungeon.
You worshipped Okawaru.
Okawaru was aware of your devotion.
You were not hungry.

You visited 1 branch of the dungeon, and saw 6 of its levels.

You collected 247 gold pieces.

Inventory:

Hand Weapons
 a - a +1 dagger of flaming
 b - a +0 blowgun
 q - a +1 dagger of venom (weapon)
 w - a +2 hunting sling of flaming
Missiles
 e - 25 poisoned needles
 t - 144 stones (quivered)
 x - 60 sling bullets
Armour
 c - a +0 robe (worn)
 d - a +0 cloak (worn)
 y - a +0 pair of gloves (worn)
Jewellery
 r - a cursed -2 ring of strength (left hand)
Wands
 o - a wand of acid (7)
Scrolls
 i - 4 scrolls of magic mapping {!r, unknown}
 k - 3 scrolls of amnesia {!r, unknown}
 m - a scroll of remove curse {!r, unknown}
 n - 2 scrolls of teleportation {!r, unknown}
 p - 5 scrolls of identify {!r}
 s - 2 scrolls of fog {!r, unknown}
 u - 2 scrolls of enchant weapon {!r, unknown}
Potions
 h - 3 potions of agility {!q}
 j - a potion of curing {!q, unknown}
 l - 4 potions of ambrosia {!q}
 v - a potion of lignification {!q, unknown}
 z - 2 potions of brilliance {!q, unknown}
Comestibles
 f - a chunk of flesh
 g - 7 rations


   Skills:
 - Level 1.7 Fighting
 - Level 7.9 Short Blades
 + Level 4.0 Throwing
 - Level 1.1 Dodging
 - Level 8.0 Stealth


You had 7 spell levels left.
You didn't know any spells.

Dungeon Overview and Level Annotations

Branches:
Dungeon (6/15)
 Temple: D:4-7

Altars:
Ashenzari
Gozag
Hepliaklqana
Okawaru
Qazlal
Ru
Xom


Innate Abilities, Weirdness & Mutations

You are small and have problems with some larger weapons.
You are somewhat resistant to further mutation.


Message History

Aim: a killer bee You shoot a stone.
The stone misses the killer bee.
The stone hits the black bear.
The stone burns the black bear.
The black bear is heavily wounded.
The killer bee stings you but does no damage.
The killer bee stings you.
You are poisoned.
The killer bee poisons you!
You feel sick.
The killer bee stings you but does no damage.
You feel sick. The killer bee closely misses you.
Your +2 hunting sling of flaming stops flaming.
Your +1 dagger of flaming bursts into flame!
a - a +1 dagger of flaming (weapon)
The killer bee barely misses you.
Wield which item (- for none, * to show all)? (? for menu, Esc to quit)
Your +1 dagger of flaming stops flaming.
Your +1 dagger of venom begins to drip with poison!
q - a +1 dagger of venom (weapon)
The killer bee stings you.
You hit the killer bee but do no damage.
The killer bee stings you!
You are more poisoned.
The killer bee poisons you! The killer bee stings you.
You are more poisoned.
The killer bee poisons you!
You hit the killer bee.
The killer bee is poisoned.
The killer bee is lightly wounded.
You feel sick. The killer bee barely misses you.
You miss the killer bee.
The killer bee is lightly wounded.
You feel sick. The killer bee stings you.
* * * LOW HITPOINT WARNING * * *
You barely miss the killer bee.
The killer bee is lightly wounded.
* * * LOW HITPOINT WARNING * * *
You feel sick. The killer bee closely misses you.
* * * LOW HITPOINT WARNING * * *
You feel sick. The killer bee barely misses you.
* * * LOW HITPOINT WARNING * * *
You feel sick. The killer bee stings you.
* * * LOW HITPOINT WARNING * * *
You are more poisoned.
The killer bee poisons you!
* * * LOW HITPOINT WARNING * * *
You feel very sick.
You kill the killer bee!
Okawaru accepts your kill.
Your Throwing skill increases to level 4!
* * * LOW HITPOINT WARNING * * *
You feel sick.
* * * LOW HITPOINT WARNING * * *
You feel sick.
* * * LOW HITPOINT WARNING * * *
You feel sick.
* * * LOW HITPOINT WARNING * * *
You feel sick.
* * * LOW HITPOINT WARNING * * *
You feel sick.
There is a stone staircase leading up here.
* * * LOW HITPOINT WARNING * * *
You feel sick.
You climb upwards.
You die...

#.........#.##..................#
#.........#.##......####.........
..^..)....#.##..........#.......#
..........#....#..#####.#.......#
.....>.......###..........[)....#
..........##...............[....#
#..............#.................
#...............................#
#..######..##.#.@................
..### #...###.##.)........###..#.
....###.#####.##..........# ##...
#..........##.............# #.#.
#..........##)............# #.#.
#......................#### #.#<
#...........#......#...# #...
#.>...<.............#.## #...
#..........##.......##########...


There were no monsters in sight!

Vanquished Creatures
  The ghost of Gildeon the Chopper, an amateur MiFi (D:4)
  Eustachio (D:4)
  An ogre (D:5)
  A centaur (D:5)
  A killer bee (D:6)
  A bullfrog zombie (D:5)
  An orc priest (D:5)
  3 orc wizards
  Natasha (thrice) (D:2)
  A bullfrog skeleton (D:4)
  3 worker ants
  A howler monkey skeleton (D:4)
  8 adders
  An ooze (D:3)
  An adder skeleton (D:5)
  2 worms
  3 dart slugs (D:1)
  3 leopard geckos
  8 orcs
  A giant cockroach (D:5)
  5 hobgoblins
  11 jackals
  6 quokkas
  2 ball pythons
  2 bats (D:1)
  5 frilled lizards
  4 goblins
  7 kobolds
  A leopard gecko skeleton (D:5)
  11 rats
99 creatures vanquished.

Notes
Turn   | Place    | Note
-------+----------+-------------------------------------------
     0 | D:1      | Amnesiac the Halfling Assassin began the quest for the Orb.
     0 | D:1      | Reached XP level 1. HP: 14/14 MP: 1/1
    97 | D:2      | Reached XP level 2. HP: 18/19 MP: 2/2
   433 | D:3      | Found a stormy altar of Qazlal.
   465 | D:4      | Noticed Gildeon's ghost (amateur MiFi)
   528 | D:3      | Reached XP level 3. HP: 24/24 MP: 3/3
   984 | D:3      | Reached XP level 4. HP: 22/29 MP: 4/4
  1128 | D:4      | Found an iron altar of Okawaru.
  1135 | D:4      | Became a worshipper of Warmaster Okawaru
  2316 | D:2      | Found a shimmering altar of Xom.
  2317 | D:2      | Found a hazy altar of Hepliaklqana.
  2318 | D:2      | Noticed a spectral ugly thing
  2320 | D:2      | Reached skill level 5 in Stealth
  2365 | D:2      | Noticed Natasha
  2404 | D:1      | Reached skill level 5 in Short Blades
  2661 | D:2      | Killed Natasha
  2661 | D:2      | Reached XP level 5. HP: 34/34 MP: 5/5
  2842 | D:2      | Noticed Natasha
  2849 | D:2      | Killed Natasha
  2875 | D:2      | Noticed Natasha
  2877 | D:2      | Killed Natasha
  3197 | D:3      | Found a sacrificial altar of Ru.
  3363 | D:3      | Reached XP level 6. HP: 38/39 MP: 6/6
  3553 | D:4      | Reached skill level 6 in Stealth
  3633 | D:4      | Killed Gildeon's ghost
  3725 | D:4      | Reached XP level 7. HP: 44/44 MP: 7/7
  4001 | D:4      | Noticed Eustachio
  4063 | D:4      | Killed Eustachio
  4063 | D:4      | Reached * piety under Okawaru
  4063 | D:4      | Reached skill level 7 in Stealth
  4202 | D:4      | Found a shattered altar of Ashenzari.
  4548 | D:5      | Entered Level 5 of the Dungeon
  4578 | D:5      | Found a hazy altar of Hepliaklqana.
  4952 | D:5      | Reached XP level 8. HP: 49/49 MP: 8/8
  5075 | D:5      | Reached skill level 8 in Stealth
  5292 | D:5      | Found an opulent altar of Gozag.
  5416 | D:6      | HP: 2/49 [poisoned by a killer bee]
  5418 | D:5      | Succumbed to a killer bee's poison

Vault maps used:
D:1:      mrwooster_arrival_statue_2
D:2:      regret_index_temple_of_mockery, uniq_natasha
D:3:      grunt_qazlal_clouds, nicolae_ru_path_of_blood
D:4:      okawaru_metal_pillars_1_2, kennysheep_mini_moat, first_ration,
          uniq_eustachio
D:5:      lemuel_round_altar, basic_altar
D:6:      kennysheep_little_box, minmay_temple_entry_mist

Skill      XL: |  1  2  3  4  5  6  7  8 |
---------------+-------------------------+-----
Short Blades   | 3 4 5 6 7 |  7.9
Stealth        | 5 6 7 8 |  8.0
Throwing       | 4 |  4.0
Fighting       | |  1.7
Dodging        | |  1.1

Action                   |  1- 3 |  4- 6 |  7- 9 || total
-------------------------+-------+-------+-------++-------
Melee: Dagger            |    73 |   134 |    37 ||   244
 Fire: Blowgun           |     6 |     7 |       ||    13
       Hunting sling     |       |    22 |   126 ||   148
Throw: Stone             |       |     6 |       ||     6
Evoke: Wand              |       |     6 |       ||     6
  Use: Scroll            |       |     3 |       ||     3
 Stab: Sleeping          |     2 |     5 |     2 ||     9
       Distracted        |       |     1 |       ||     1
  Eat: Chunk             |       |     9 |     5 ||    14
Armor: Robe              |    17 |    25 |    22 ||    64
Dodge: Dodged            |    54 |    82 |    62 ||   198

Table legend:
 A = Spawn XP
 B = Non-spawn XP
 C = Spawn XP percentage of total XP
 D = Spawn monster count
 E = Non-spawn monster count
 F = Spawn count percentage of total count
 G = Total turns spent on level
                    A         B        C        D         E        F      G
               +---------+---------+-------+---------+---------+-------+---------
         Total |       0 |    1390 |   0.0 |       0 |      99 |   0.0 |  5418
               +---------+---------+-------+---------+---------+-------+---------
           D:1 |       0 |      41 |   0.0 |       0 |      21 |   0.0 |  1193
           D:2 |       0 |     177 |   0.0 |       0 |      18 |   0.0 |  1242
           D:3 |       0 |      97 |   0.0 |       0 |      23 |   0.0 |  1171
           D:4 |       0 |     532 |   0.0 |       0 |      15 |   0.0 |  1119
           D:5 |       0 |     413 |   0.0 |       0 |      19 |   0.0 |   644
           D:6 |       0 |     130 |   0.0 |       0 |       3 |   0.0 |    49
               +---------+---------+-------+---------+---------+-------+---------
